 Dungeon Crawl Stone Soup version 0.29-a0-284-gf9362112df (webtiles) character file.

Game seed: 5822291883206653375

104 GordonOverkill the Shooter (level 4, -11/25 HPs)
             Began as a Deep Elf Hunter on Mar 14, 2022.
             Mangled by a gnoll
             ... wielding a +0 spear of distortion
              (13 damage)
             ... on level 3 of the Dungeon.
             The game lasted 00:04:12 (1878 turns).

GordonOverkill the Shooter (Deep Elf Hunter)        Turns: 1878, Time: 00:04:12

Health: -11/25     AC:  6    Str: 10    XL:     4   Next: 52%
Magic:  6/6        EV: 11    Int: 14    God:
Gold:   143        SH:  0    Dex: 18    Spells: 3/3 levels left

rFire   . . .      SeeInvis .   a - +2 shortbow
rCold   . . .      Faith    .   (shield currently unavailable)
rNeg    . . .      Spirit   .   g - +0 ring mail
rPois   .          Reflect  .   (no helmet)
rElec   .          Harm     .   (no cloak)
rCorr   .          Rampage  .   (no gloves)
Will    .....                   d - +0 pair of boots
Stlth   +.........              (no amulet)
HPRegen 0.08/turn               (no ring)
MPRegen 0.10/turn               (no ring)

@: no status effects
A: no striking features
a: no special abilities


You were on level 3 of the Dungeon.
You visited 1 branch of the dungeon, and saw 3 of its levels.

You collected 143 gold pieces.

Inventory:

Hand Weapons
 a - a +2 shortbow (weapon)
Armour
 d - a +0 pair of boots (worn)
 g - a +0 ring mail (worn)
Jewellery
 i - a ring of magical power
 n - the ring of Sovereignty {Wiz rF++ rC- Dex+3}
   (You found it on level 2 of the Dungeon)

   [ring of wizardry]

   It improves your spell success rate.
   Dex:       It affects your dexterity (+3).
   rF:        It greatly protects you from fire.
   rC:        It makes you vulnerable to cold.
 o - an amulet of faith
 p - a ring of protection from fire
Scrolls
 b - a scroll of vulnerability
 c - 2 scrolls of immolation
 e - a scroll of fear {unknown}
Potions
 f - 2 potions of curing
 h - 2 potions of might
 k - a potion of magic {unknown}
 l - a potion of flight {unknown}
 q - a potion of attraction {unknown}


   Skills:
 - Level 1.5 Fighting
 + Level 7.9 Bows
 - Level 2.4 Dodging
 - Level 1.2 Stealth


You had 3 spell levels left.
You didn't know any spells.
Your spell library was empty.

Dungeon Overview and Level Annotations

Branches:
Dungeon (3/15)

Altars:
Cheibriados
Gozag
Qazlal
Trog

Shops:
D:2 (


Message History

You are held in a net!
You tear a large gash into the net.
A gnoll comes into view. It is wielding a +0 whip.
You struggle against the net.
The gnoll shouts!
You rip the net and break free!
A gnoll comes into view.
It is wielding a +0 spear of distortion.
The gnoll hits you with a +0 whip!
Really walk into that teleport trap?
You enter a teleport trap!
The teleport trap disappears.
Your surroundings suddenly seem different.
You start resting.
HP restored.
The gnoll shouts!
You hear a shout! x2
You shoot an arrow. The arrow hits the gnoll.
The gnoll is moderately wounded.
You shoot an arrow. The arrow hits the gnoll!
You kill the gnoll!
You shoot an arrow. The arrow hits the gnoll.
The gnoll is moderately wounded.
You shoot an arrow. The arrow barely misses the gnoll.
You shoot an arrow.
The arrow hits the gnoll but does no damage.
The gnoll is moderately wounded.
The gnoll barely misses you.
You shoot an arrow. The arrow completely misses the gnoll.
The arrow hits the gnoll.
The gnoll is moderately wounded.
The gnoll hits you from afar with a +0 spear of distortion!
Space warps horribly around you!
Ouch! That really hurt!
* * * LOW HITPOINT WARNING * * *
You are too injured to fight recklessly!
You are too injured to fight recklessly!
You are too injured to fight recklessly!
The gnoll hits you from afar with a +0 spear of distortion.
* * * LOW HITPOINT WARNING * * *
Space warps horribly around you!
Ouch! That really hurt!
You die...

...#...#...#...#.##...##
#.g.#...#...#......#
..#...#...#...#..#
#...#.=.#...#g...
..#...#...#.).#..
#...#...#...#..# #
...#...#..g#..# #####
.#...#...#..#.... ###....
..#...#.@..# ##.###...##.
....#......# ###...#..#.
#.......##.####...####.##
###...####......###..#..#
#### #..##.##..).##.#
##.##..#..⌠..#).
#.###.##....##. #.#
#..#..#.#.. #.#
##.####...#


You could see a gnoll.

Vanquished Creatures
  A gnoll (D:3)
  3 adders
  2 worms (D:2)
  A dart slug (D:3)
  5 ball pythons
  4 endoplasms
  A giant cockroach (D:1)
  7 goblins
  6 hobgoblins
  11 kobolds
  3 quokkas
  4 bats
  4 frilled lizards
  5 rats
57 creatures vanquished.

Notes
Turn   | Place    | Note
-------+----------+-------------------------------------------
     0 | D:1      | GordonOverkill the Deep Elf Hunter began the quest for the
                  | Orb.
     0 | D:1      | Reached XP level 1. HP: 12/12 MP: 3/3
    51 | D:1      | Found a faded altar of an unknown god.
   166 | D:1      | Reached XP level 2. HP: 16/16 MP: 4/4
   167 | D:1      | Reached skill level 6 in Bows
   777 | D:2      | Reached XP level 3. HP: 20/20 MP: 5/5
   872 | D:2      | Reached skill level 7 in Bows
  1107 | D:2      | Found Uliem's Weapon Boutique.
  1118 | D:2      | Identified the ring of Sovereignty {Wiz rF++ rC- Dex+3}
  1171 | D:2      | Reached XP level 4. HP: 25/25 MP: 6/6
  1474 | D:3      | Found a bloodstained altar of Trog.
  1485 | D:3      | Found an opulent altar of Gozag.
  1532 | D:3      | Found a stormy altar of Qazlal.
  1748 | D:3      | Found a snail-covered altar of Cheibriados.
  1878 | D:3      | Mangled by a gnoll

Illustrated notes

Levels and vault maps discovered:
D:1:      mrwooster_arrival_arrow, layout_loops_cross,
          shapermc_ecumenical_altar_totnotflames
D:2:      layout_rooms, serial_shops, nicolae_shop_crystal
D:3:      minmay_skewed_foursquare, layout_rooms, grunt_qazlal_sundering,
          lemuel_doored_altar, nicolae_gozag_cash_rules_everything_around_me,
          cheibriados_altar_1, hex_large, minmay_misc_feat_chi,
          hangedman_glass_teeth

Skill      XL: |  1  2  3 |
---------------+----------+-----
Bows           | 6 7 |  7.9
Fighting       | |  1.5
Dodging        | |  2.4
Stealth        | |  1.2

Action                   |  1- 3 |  4- 6 || total
-------------------------+-------+-------++-------
 Fire: Shortbow          |   111 |    38 ||   149
  Use: Scroll            |     3 |     3 ||     6
Armor: Leather armour    |     2 |       ||     2
       Ring mail         |    12 |     3 ||    15
Dodge: Dodged            |    26 |     6 ||    32

Table legend: (Time is in decaauts)
 A = Elapsed time spent in this place.
 B = Non-inter-level travel time spent in this place.
 C = Inter-level travel time spent in this place.
 D = Time resting spent in this place.
 E = Time spent auto-exploring this place.
 F = Levels seen in this place.
 G = Mean time per level.
                   A        B        C        D        E       F      G
               +--------+--------+--------+--------+--------+-----+--------+
         Total |   1924 |   1822 |    102 |     82 |   1329 |   3 |  641.3 |
       Dungeon |   1924 |   1822 |    102 |     82 |   1329 |   3 |  641.3 |
               +--------+--------+--------+--------+--------+-----+--------+

Top non-repeatable levels by time:
     D:1: 826 daAuts
     D:3: 604 daAuts
     D:2: 493 daAuts
